 Dungeon Crawl Stone Soup version 0.26-a0-597-gb535b0901c (webtiles) character file.

Game seed: 13438623120502591655

13 Alarkh the Insei (level 2, 17/22 HPs)
             Began as a Demonspawn Gladiator on Sept 10, 2020.
             Got out of the dungeon alive.
             The game lasted 00:00:36 (445 turns).

Alarkh the Insei (Demonspawn Gladiator)              Turns: 445, Time: 00:00:36

Health: 17/22      AC:  4    Str: 14    XL:     2   Next: 24%
Magic:  2/2        EV: 12    Int: 11    God:
Gold:   34         SH:  0    Dex: 14    Spells: 1/1 levels left

rFire    . . .     SeeInvis .     - Unarmed
rCold    . . .     Faith    .   (no shield)
rNeg     . . .     Spirit   .   a - +0 leather armour
rPois    .         Reflect  .   b - +0 helmet
rElec    .         Harm     .   (no cloak)
rCorr    .                      (no gloves)
MR       .....                  (no boots)
Stlth    +.........             (no amulet)
HPRegen  0.07/turn              (no ring)
MPRegen  0.08/turn              (no ring)

@: no status effects
A: big brain 1
a: no special abilities


You escaped.
You visited 1 branch of the dungeon, and saw 1 of its levels.

You collected 34 gold pieces.

Inventory:

Missiles
 c - 3 throwing nets (quivered)
Armour
 a - a +0 leather armour (worn)
 b - a +0 helmet (worn)
 h - a scarf of harm
Scrolls
 d - a scroll of remove curse {unknown}
 e - a scroll of identify {unknown}
Potions
 f - a potion of brilliance {unknown}
 g - 2 potions of degeneration {unknown}


   Skills:
 - Level 2.0 Fighting
 - Level 1.7 Throwing
 - Level 2.6 Dodging
 + Level 3.4 Unarmed Combat


You had one spell level left.
You didn't know any spells.
Your spell library was empty.

Dungeon Overview and Level Annotations

Branches:
Dungeon (1/15)

Altars:


Innate Abilities, Weirdness & Mutations

You have an unusually large brain. (Int +2)


Message History

You are too injured to fight recklessly!
The bat hits you but does no damage. x2
You hit the bat but do no damage. The bat barely misses you.
You hit the bat.
You kill the bat!
You hit the hobgoblin.
You kill the hobgoblin!
You hit the hobgoblin.
You kill the hobgoblin!
You hit the rat.
You kill the rat!
Items here: )) ††††.
Items here: )) ††††.
You see here 23 stones.
You enter the shallow water.
Moving in this stuff is going to be slow.
There is an empty arch of ancient stone here.
There is a staircase leading out of the dungeon here.
Are you sure you want to leave the Dungeon?
This will make you lose the game!
You have escaped!

#...≈...#
#..###
#.♣.≈.♣.#
#..# #
#...≈...#
... #
#.♣.≈.♣.#
###. #
#...≈...#
# #
#.♣.≈.♣.#
#
#...≈...#
#
###...###
. ##@##
###


There were no monsters in sight!

Vanquished Creatures
  A leopard gecko (D:1)
  A goblin (D:1)
  5 hobgoblins (D:1)
  A bat (D:1)
  A kobold (D:1)
  2 rats (D:1)
11 creatures vanquished.

Notes
Turn   | Place    | Note
-------+----------+-------------------------------------------
     0 | D:1      | Alarkh the Demonspawn Gladiator began the quest for the
                  | Orb.
     0 | D:1      | Reached XP level 1. HP: 16/16 MP: 1/1
   141 | D:1      | Reached skill level 3 in Unarmed Combat
   356 | D:1      | Gained mutation: You have an unusually large brain. (Int
                  | +2) [demonic ancestry]
   356 | D:1      | Reached XP level 2. HP: 20/22 MP: 2/2
   445 | D:$      | Got out of the dungeon alive.

Illustrated notes

Levels and vault maps discovered:
D:1:      mainiacjoe_arrival_reflecting_pool, layout_loops_ring, minivault_25,
          minmay_misc_feat_cross, chequers_serial_rivers_room_a,
          minmay_misc_feat_enclosed, minmay_misc_feat_plants,
          minmay_door_square, chequers_serial_rivers_small_3,
          minmay_misc_feat_roman, minmay_pentomino_p4

Skill      XL: |  1 |
---------------+----+-----
Unarmed Combat | 3 |  3.4
Fighting       | |  2.0
Throwing       | |  1.7
Dodging        | |  2.6

Action                   || total
-------------------------++-------
Melee: Unarmed           ||    30
Armor: Leather armour    ||     8
Dodge: Dodged            ||    20

Table legend: (Time is in decaauts)
 A = Elapsed time spent in this place.
 B = Non-inter-level travel time spent in this place.
 C = Inter-level travel time spent in this place.
 D = Time resting spent in this place.
 E = Time spent auto-exploring this place.
 F = Levels seen in this place.
 G = Mean time per level.
                   A        B        C        D        E       F      G
               +--------+--------+--------+--------+--------+-----+--------+
         Total |    445 |    357 |     88 |      0 |    293 |   1 |  445.0 |
       Dungeon |    445 |    357 |     88 |      0 |    293 |   1 |  445.0 |
               +--------+--------+--------+--------+--------+-----+--------+

Top non-repeatable levels by time:
     D:1: 445 daAuts
